 Dungeon Crawl Stone Soup version 0.19-a0-1803-g97ff39f (webtiles) character file.

266 Naow the Cleaver (level 6, -8/76 HPs)
             Began as a Minotaur Berserker on Oct 5, 2016.
             Was a Believer of Trog.
             Killed from afar by an orc wizard (9 damage)
             ... with a magic dart
             ... on level 4 of the Dungeon.
             The game lasted 00:03:12 (2385 turns).

Naow the Cleaver (Minotaur Berserker)               Turns: 2385, Time: 00:03:13

Health: -8/76      AC:  2    Str: 26    XL:     6   Next: 0%
Magic:  5/5        EV: 12    Int:  6    God:    Trog [**....]
Gold:   137        SH:  0    Dex: 10    Spells: 0 memorised, 5 levels left

rFire  . . .     SeeInvis .     u - +0 war axe
rCold  + . .     Gourm    .     b - +0 animal skin
rNeg   . . .     Faith    .     (no shield)
rPois  .         Spirit   .     (helmet restricted)
rElec  .         Dismiss  .     (no cloak)
rCorr  .         Reflect  .     (no gloves)
MR     .....     Harm     .     (no boots)
Stlth  ..........               (no amulet)
                                t - ring of loudness (curse)
                                h - ring of protection from cold

@: berserking, very quick
A: retaliatory headbutt, horns 2
a: Berserk, Trog's Hand, Burn Spellbooks, Renounce Religion


You were on level 4 of the Dungeon.
You worshipped Trog.
Trog was pleased with you.
You were not hungry.

You visited 1 branch of the dungeon, and saw 4 of its levels.

You collected 137 gold pieces.

Inventory:

Hand Weapons
 a - a +0 hand axe
 u - a +0 war axe (weapon)
Armour
 b - a +0 animal skin (worn)
Jewellery
 h - a ring of protection from cold (left hand)
 p - an uncursed ring of magical power
 t - a cursed ring of loudness (right hand)
Scrolls
 e - 6 scrolls of identify {unknown}
 f - a scroll of remove curse {unknown}
 l - 2 scrolls of noise {unknown}
 m - 2 scrolls of enchant armour {unknown}
 q - a scroll of fog {unknown}
 x - a scroll of random uselessness {unknown}
Potions
 g - 2 potions of lignification {unknown}
 k - a potion of magic {unknown}
 n - a potion of heal wounds {unknown}
 o - a potion of resistance {unknown}
 s - a potion of flight {unknown}
 v - a potion of ambrosia {unknown}
 w - a potion of might {unknown}
Comestibles
 c - 3 bread rations
 d - 2 chunks of flesh
 i - 2 royal jellies
 j - a slice of pizza
 r - a meat ration


   Skills:
 - Level 3.6 Fighting
 + Level 8.1 Axes
 - Level 2.4 Armour
 - Level 2.1 Dodging


You had 5 spell levels left.
You didn't know any spells.

Dungeon Overview and Level Annotations

Branches:
Dungeon (4/15)
 Temple: D:4-7

Altars:


Innate Abilities, Weirdness & Mutations

You reflexively headbutt those who attack you in melee.
You have a pair of horns on your head.


Message History

You are too injured to fight recklessly!
You slash the orc! You headbutt the orc.
You kill the orc!
Trog accepts your kill.
You completely miss the orc wizard. You slash the iguana!
You kill the iguana!
Trog accepts your kill.
Your Axes skill increases to level 8!
You have reached level 6!
Your experience leads to an increase in your attributes!
Your base attributes are Str 21, Int 5, Dex 10.
Increase (S)trength, (I)ntelligence, or (D)exterity?
You feel clever.
You barely miss the orc wizard. The orc wizard hits you with a dagger.
* * * LOW HITPOINT WARNING * * *
You barely miss the orc wizard. You headbutt the orc wizard!
The orc wizard is almost dead.
The orc wizard gestures at you while chanting.
The magic dart hits you!
You die...

#.. .....#.... .#
#..##...##..#
####.###..##...##..#
#.......<...........
#...................
#........>##..###..#
#.........##..###..#
#.$†o.....#.>.......
#.@)##...#.........
##...##...#.........
#.........#.........
#.........#.........
####.####..###+##...##
#..#.####..###.###..##
#.....................
#............)........
#.....................


You could see an orc wizard.

Vanquished Creatures
  An ogre (D:3)
  An iguana (D:4)
  A worker ant (D:4)
  An orc wizard (D:3)
  3 adders (D:3)
  An ooze (D:2)
  A worm (D:3)
  5 leopard geckos
  10 orcs
  3 ball pythons
  7 bats
  2 giant cockroaches
  9 goblins
  2 hobgoblins
  4 jackals (D:3)
  A frilled lizard (D:1)
  A jackal skeleton (D:4)
  4 kobolds
  3 rats
60 creatures vanquished.

Notes
Turn   | Place    | Note
-------+----------+-------------------------------------------
     0 | D:1      | Naow the Minotaur Berserker began the quest for the Orb.
     0 | D:1      | Reached XP level 1. HP: 19/19 MP: 0/0
   156 | D:1      | Reached skill level 4 in Axes
   344 | D:1      | Reached XP level 2. HP: 20/26 MP: 1/1
  1038 | D:2      | Reached skill level 5 in Axes
  1126 | D:2      | Reached XP level 3. HP: 31/31 MP: 2/2
  1739 | D:3      | Reached XP level 4. HP: 33/39 MP: 3/3
  1749 | D:3      | Reached skill level 6 in Axes
  1824 | D:3      | Reached ** piety under Trog
  1934 | D:3      | Noticed an ogre
  1940 | D:3      | Killed an ogre
  1940 | D:3      | Reached skill level 7 in Axes
  1940 | D:3      | Reached XP level 5. HP: 43/45 MP: 4/4
  2382 | D:4      | HP: 3/67 [iguana (12)]
  2382 | D:4      | HP: 1/67 [orc wizard/dagger (2)]
  2383 | D:4      | Reached skill level 8 in Axes
  2383 | D:4      | Reached XP level 6. HP: 2/51 MP: 5/5
  2385 | D:4      | Killed from afar by an orc wizard

Vault maps used:
D:1:      dpeg_arrival_rhombi, minmay_pentomino_w2
D:2:      hangedman_abyss_or_decor_lesser_grid
D:3:      kennysheep_generic_room_8
D:4:      lemuel_crystal_altar, first_bread

Skill      XL: |  1  2  3  4  5 |
---------------+----------------+-----
Axes           | 4 5 7 8 |  8.1
Fighting       | |  3.6
Armour         | |  2.4
Dodging        | |  2.1

Action                   |  1- 3 |  4- 6 || total
-------------------------+-------+-------++-------
Melee: Hand axe          |    81 |    33 ||   114
       Headbutt          |    14 |    13 ||    27
       War axe           |       |    28 ||    28
Invok: Berserk           |     1 |     2 ||     3
 Stab: Sleeping          |     1 |       ||     1
  Eat: Chunk             |     3 |     4 ||     7
Armor: Animal skin       |    19 |    10 ||    29
Dodge: Dodged            |    47 |    44 ||    91
